 Dungeon Crawl Stone Soup version 0.27-a0-1324-ge0d8e047f6 (webtiles) character file.

Game seed: 13975030896910605271

364 Delamore the Poker (level 7, -2/56 HPs)
             Began as a Formicid Fighter on June 23, 2021.
             Slain by Grinder (5 damage)
             ... on level 4 of the Dungeon.
             The game lasted 00:03:11 (4136 turns).

Delamore the Poker (Formicid Fighter)               Turns: 4136, Time: 00:03:11

Health: -2/56      AC:  6    Str: 22    XL:     7   Next: 0%
Magic:  7/7        EV:  8    Int:  8    God:
Gold:   172        SH: 10    Dex: 10    Spells: 6/6 levels left

rFire    . . .     SeeInvis +   a - +0 trident
rCold    . . .     Faith    .   c - +1 kite shield
rNeg     . . .     Spirit   .   b - +0 scale mail
rPois    .         Reflect  .   (helmet unavailable)
rElec    .         Harm     .   (no cloak)
rCorr    .         Rampage  .   (no gloves)
Will     .....                  (no boots)
Stlth    ..........             (no amulet)
HPRegen  0.18/turn              (no ring)
MPRegen  0.10/turn              (no ring)

@: brilliant
A: permanent stasis, dig shafts and tunnels, antennae 3, four strong arms
a: Dig, Shaft Self


You were on level 4 of the Dungeon.
You visited 1 branch of the dungeon, and saw 4 of its levels.

You collected 172 gold pieces.

Inventory:

Hand Weapons
 a - a +0 trident (weapon)
Missiles
 g - 20 boomerangs (quivered)
Armour
 b - a +0 scale mail (worn)
 c - a +1 kite shield (worn)
Jewellery
 h - an amulet of the acrobat
Potions
 d - a potion of might
 e - a potion of degeneration {unknown}
 f - a potion of heal wounds {unknown}
 j - 2 potions of brilliance


   Skills:
 - Level 5.0 Fighting
 * Level 6.0 Polearms
 - Level 3.2 Armour
 - Level 3.6 Shields


You had 6 spell levels left.
You didn't know any spells.
Your spell library contained the following spells:

 Spells                   Type           Power      Damage    Failure   Level
 Freeze                   Ice            0%         1d3       98%         1
 Shock                    Conj/Air       0%         1d3       98%         1
 Summon Small Mammal      Summ           0%         N/A       98%         1


Dungeon Overview and Level Annotations

Branches:
Dungeon (4/15)
 Temple: D:4-7

Altars:
Sif Muna
Xom

Annotations:
D:3 2 transporters, morra's ghost, weakling OpTm
D:4 Grinder


Innate Abilities, Weirdness & Mutations

You cannot be hasted, slowed, berserked, paralysed or teleported.
You can dig through walls and to a lower floor.
You have a pair of large antennae on your head. (SInv)
Your four strong arms can wield two-handed weapons with a shield.


Message History

Grinder is lightly wounded.
Grinder says, "Just stop there for a second..."
Grinder gestures at you.
Your stasis prevents you from being paralysed.
You block Grinder's attack.
You closely miss Grinder. Grinder gestures at you.
Your stasis prevents you from being paralysed.
Grinder hits you!
You barely miss Grinder. Grinder hits you.
You writhe in agony.
You block Grinder's attack.
Your shield and scale mail prevent you from hitting Grinder.
Grinder hits you.
You puncture Grinder!
Grinder is lightly wounded.
Grinder hits you.
You writhe in agony.
Grinder blinks!
No target in view!
You start resting.
Grinder hits you.
You writhe in agony.
You hit Grinder but do no damage.
Grinder is lightly wounded.
You block Grinder's attack. Grinder closely misses you.
You hit Grinder but do no damage.
Grinder is lightly wounded.
You block Grinder's attack. Grinder hits you.
You writhe in agony.
* * * LOW HITPOINT WARNING * * *
You closely miss Grinder.
Grinder is lightly wounded.
Grinder gestures at you. Pain shoots through your body!
* * * LOW HITPOINT WARNING * * *
Your shield prevents you from hitting Grinder.
Grinder is lightly wounded.
You block Grinder's attack. Grinder closely misses you.
It was a potion of brilliance.
You feel clever all of a sudden. Grinder hits you.
* * * LOW HITPOINT WARNING * * *
You writhe in agony.
You die...

### ###########@#
#........#5##
##...###.##.#######
#...'.............
#...###.##h##.....
#...###.##.#. ....
#...'.#.#.... ...
#...###.#.... ##
#...###.......


You could see Grinder (fast).

Vanquished Creatures
  A black bear (D:4)
  An ogre (D:3)
  An orc priest (D:4)
  An orc wizard (D:4)
  5 adders
  2 worms (D:2)
  6 dart slugs
  3 orcs (D:4)
  8 bats
  5 endoplasms
  5 giant cockroaches
  3 goblins
  5 hobgoblins
  5 jackals (D:4)
  5 quokkas
  2 ball pythons
  7 frilled lizards
  3 kobolds
  4 rats
72 creatures vanquished.

Notes
Turn   | Place    | Note
-------+----------+-------------------------------------------
     0 | D:1      | Delamore the Formicid Fighter began the quest for the Orb.
     0 | D:1      | Reached XP level 1. HP: 18/18 MP: 1/1
   125 | D:1      | Reached XP level 2. HP: 9/24 MP: 2/2
   713 | D:1      | Found a faded altar of an unknown god.
   794 | D:1      | Reached XP level 3. HP: 25/30 MP: 3/3
   798 | D:1      | Reached skill level 3 in Polearms
  1708 | D:2      | Reached XP level 4. HP: 34/37 MP: 4/4
  2105 | D:3      | Noticed a small abomination
  2188 | D:3      | Found a transporter.
  2189 | D:3      | Found a transporter.
  2223 | D:3      | Noticed a kobold brigand
  2370 | D:3      | Found a shimmering altar of Xom.
  3034 | D:3      | Found a shimmering blue altar of Sif Muna.
  3183 | D:3      | Got Sif Muna's Papyrus of Confrontation
  3185 | D:3      | Got Sif Muna's Compendium of the Sturgeon
  3188 | D:3      | Got Sif Muna's Collected Works on Calling
  3213 | D:4      | Noticed an ogre
  3224 | D:3      | Killed an ogre
  3225 | D:3      | Reached skill level 4 in Polearms
  3225 | D:3      | Reached XP level 5. HP: 43/43 MP: 5/5
  3282 | D:4      | Reached XP level 6. HP: 33/49 MP: 6/6
  3298 | D:4      | Reached skill level 5 in Polearms
  3608 | D:4      | Noticed a black bear
  3691 | D:3      | Noticed morra's ghost (weakling OpTm)
  3904 | D:4      | Reached skill level 5 in Fighting
  3925 | D:4      | Noticed a black bear
  3939 | D:4      | Killed a black bear
  4102 | D:4      | Noticed Grinder
  4122 | D:4      | Reached skill level 6 in Polearms
  4122 | D:4      | Reached XP level 7. HP: 54/56 MP: 7/7
  4136 | D:4      | Slain by Grinder

Illustrated notes

Levels and vault maps discovered:
D:1:      minmay_arrival_floating_metal, layout_loops_ring,
          hellmonk_ecumenical_altar_zigzags
D:2:      layout_loops_corners
D:3:      layout_basic, overflow_temple_1_default,
          nicolae_sif_muna_little_library, gammafunk_ghost_abyssal_escape
D:4:      minmay_opposing_rooms, layout_basic, kennysheep_little_box,
          serial_shops, shop, uniq_grinder, uniq_crazy_yiuf_cottage

Skill      XL: |  1  2  3  4  5  6 |
---------------+-------------------+-----
Polearms       | 3 4 6 |  6.0
Fighting       | 4 5 |  5.0
Armour         | |  3.2
Shields        | |  3.6

Action                   |  1- 3 |  4- 6 |  7- 9 || total
-------------------------+-------+-------+-------++-------
Melee: Trident           |   119 |   154 |    11 ||   284
Throw: Boomerang         |       |    19 |       ||    19
 Abil: Dig               |       |     8 |       ||     8
  Use: Scroll            |     4 |       |       ||     4
       Potion            |       |       |     1 ||     1
Armor: Scale mail        |    42 |    58 |       ||   100
Dodge: Dodged            |    27 |    59 |     3 ||    89
Block: Kite shield       |    44 |    91 |     6 ||   141

Table legend: (Time is in decaauts)
 A = Elapsed time spent in this place.
 B = Non-inter-level travel time spent in this place.
 C = Inter-level travel time spent in this place.
 D = Time resting spent in this place.
 E = Time spent auto-exploring this place.
 F = Levels seen in this place.
 G = Mean time per level.
                   A        B        C        D        E       F      G
               +--------+--------+--------+--------+--------+-----+--------+
         Total |   4244 |   4078 |    166 |    600 |   2769 |   4 | 1061.0 |
       Dungeon |   4244 |   4078 |    166 |    600 |   2769 |   4 | 1061.0 |
               +--------+--------+--------+--------+--------+-----+--------+

Top non-repeatable levels by time:
     D:3: 1425 daAuts
     D:1: 1157 daAuts
     D:2: 942 daAuts
     D:4: 720 daAuts
